 Dungeon Crawl Stone Soup version 0.19.0-2-gae57169 (webtiles) character file.

207 varam the Chopper (level 5, -3/32 HPs)
             Began as a Gargoyle Berserker on Nov 5, 2016.
             Was a Priest of Trog.
             Slain by zkyp's ghost (5 damage)
             ... on level 4 of the Dungeon.
             The game lasted 00:07:58 (2542 turns).

varam the Chopper (Gargoyle Berserker)              Turns: 2542, Time: 00:07:59

Health: -3/32      AC:  9    Str: 21    XL:     5   Next: 85%
Magic:  5/5        EV: 11    Int:  7    God:    Trog [***...]
Gold:   218        SH:  0    Dex: 10    Spells: 0 memorised, 4 levels left

rFire  . . .     SeeInvis .     a - +0 hand axe
rCold  . . .     Gourm    .     e - +0 ring mail
rNeg   + . .     Faith    .     (no shield)
rPois  ∞         Spirit   .     (no helmet)
rElec  +         Reflect  .     (no cloak)
rCorr  .         Harm     .     (no gloves)
MR     .....                    (no boots)
Stlth  ..........               (no amulet)
                                (no ring)
                                (no ring)

@: exhausted, slowed, very slow
A: negative energy resistance 1, electricity resistance, unbreathing,
petrification resistance, rot immunity, AC +4
a: Berserk, Trog's Hand, Burn Spellbooks, Renounce Religion


You were on level 4 of the Dungeon.
You worshipped Trog.
Trog was most pleased with you.
You were not hungry.

You visited 1 branch of the dungeon, and saw 4 of its levels.

You collected 218 gold pieces.

Inventory:

Hand Weapons
 a - a +0 hand axe (weapon)
 o - a +0 trident of venom
Missiles
 h - 6 javelins (quivered)
Armour
 b - a +0 animal skin
 e - a +0 ring mail (worn)
Scrolls
 g - 2 scrolls of identify {unknown}
 j - 2 scrolls of enchant weapon {unknown}
 l - 3 scrolls of immolation {unknown}
 p - a scroll of remove curse {unknown}
 s - a scroll of teleportation {unknown}
Potions
 d - 2 potions of agility {unknown}
 f - a potion of berserk rage {unknown}
 k - a potion of degeneration {unknown}
 m - 2 potions of lignification {unknown}
 n - a potion of heal wounds {unknown}
 q - a potion of curing {unknown}
 r - a potion of haste {unknown}
Books
 u - a book of Minor Magic

   Spells                             Type                      Level
   a - Magic Dart                     Conjuration                  1
   b - Blink                          Translocation                2
   c - Call Imp                       Summoning                    2
   d - Repel Missiles                 Charms/Air                   2
   e - Slow                           Hexes                        2
   f - Conjure Flame                  Conjuration/Fire             3
   g - Mephitic Cloud                 Conjuration/Poison/Air       3
   Trog disapproves of the use of such an item.
Comestibles
 c - 3 bread rations
 i - a slice of pizza
 t - 2 meat rations


   Skills:
 - Level 3.2 Fighting
 + Level 5.2 Axes
 - Level 2.1 Armour
 - Level 2.6 Dodging


You had 4 spell levels left.
You didn't know any spells.

Dungeon Overview and Level Annotations

Branches:
Dungeon (4/15)
 Temple: D:4-7

Altars:

Annotations:
D:4 zkyp's ghost, amateur OgCK


Innate Abilities, Weirdness & Mutations

You are resistant to torment.
Your stone body is resilient. (AC +4)
You are immune to poison.
You resist negative energy. (rN+)
You are resistant to electric shocks. (rElec)
You can survive without breathing.
You are immune to petrification.
You are immune to rotting.


Message History

Zkyp's ghost closely misses you.
You hit zkyp's ghost but do no damage.
Zkyp's ghost is almost destroyed.
You hit the jackal but do no damage. The jackal barely misses you.
The jackal closely misses you. Zkyp's ghost barely misses you.
The jackal completely misses you. Zkyp's ghost hits you.
* * * LOW HITPOINT WARNING * * *
Zkyp's ghost burns you.
* * * LOW HITPOINT WARNING * * *
The jackal closely misses you.
Zkyp's ghost says, "They'll have to sweep you off the floor after I'm finished with you!"
The jackal barely misses you. The jackal barely misses you. x2
You hit the jackal.
You kill the jackal!
Trog accepts your kill. Zkyp's ghost hits you.
* * * LOW HITPOINT WARNING * * *
Zkyp's ghost hits you.
You die...

+........................
#.....†..................
#.......<...>..W.........
#.....##.....####'#####.#
#.....##########...####+#
+.....†.......#..........
#.............#..........
#.....##W.....#..........
#####+###@....##......##..
#.............###'###### .
#.............'........#
#.............#........+ .....
#......^......#.......## .....
#.###'###.....##......#
....#+##.##...##.....#########
....#..........#.....#
....#..........#.....#


You could see zkyp's ghost.

Vanquished Creatures
  2 orc wizards (D:3)
  5 adders
  2 adder skeletons (D:2)
  An adder zombie (D:2)
  2 worms
  3 leopard geckos
  6 orcs (D:3)
  3 ball pythons
  4 giant cockroaches
  7 goblins
  6 hobgoblins
  9 jackals
  3 quokkas
  8 bats
  7 frilled lizards
  8 kobolds
  A quokka skeleton (D:2)
  7 rats
84 creatures vanquished.

Notes
Turn   | Place    | Note
-------+----------+-------------------------------------------
     0 | D:1      | varam the Gargoyle Berserker began the quest for the Orb.
     0 | D:1      | Reached XP level 1. HP: 14/14 MP: 1/1
   292 | D:1      | Reached XP level 2. HP: 18/19 MP: 2/2
   321 | D:1      | Reached skill level 3 in Axes
   344 | D:1      | Reached skill level 2 in Dodging
   561 | D:1      | Reached XP level 3. HP: 22/23 MP: 3/3
   695 | D:1      | Reached ** piety under Trog
  1216 | D:2      | Reached XP level 4. HP: 24/28 MP: 4/4
  1638 | D:3      | Reached skill level 4 in Axes
  1832 | D:3      | Reached XP level 5. HP: 32/32 MP: 5/5
  1878 | D:3      | Reached *** piety under Trog
  2214 | D:3      | Reached skill level 5 in Axes
  2500 | D:4      | Noticed zkyp's ghost (amateur OgCK)
  2536 | D:4      | HP: 3/32 [zkyp's ghost (1)]
  2540 | D:4      | HP: 1/32 [zkyp's ghost (2)]
  2542 | D:4      | Slain by zkyp's ghost

Skill      XL: |  1  2  3  4  5 |
---------------+----------------+-----
Axes           | 3 4 5 |  5.2
Dodging        | 2 |  2.6
Fighting       | |  3.2
Armour         | |  2.1

Action                   |  1- 3 |  4- 6 || total
-------------------------+-------+-------++-------
Melee: Hand axe          |   142 |   157 ||   299
       Trident           |       |    12 ||    12
Invok: Berserk           |     1 |     4 ||     5
  Eat: Chunk             |     2 |     7 ||     9
       Bread ration      |       |     1 ||     1
Armor: Ring mail         |    73 |    91 ||   164
       Animal skin       |     3 |       ||     3
Dodge: Dodged            |    89 |   106 ||   195
